 Dungeon Crawl Stone Soup version 0.26.1-11-gd32895ea62 (webtiles) character file.

Game seed: 1201190597311047159

374 nothank2 the Changer (level 6, -1/38 HPs)
             Began as an Octopode Transmuter on July 13, 2021.
             Was an Initiate of Nemelex Xobeh.
             Slain by a gnoll
             ... wielding a +0 club
              (6 damage)
             ... on level 5 of the Dungeon.
             The game lasted 00:10:47 (4806 turns).

nothank2 the Changer (Octopode Transmuter)          Turns: 4806, Time: 00:10:48

Health: -1/38      AC:  1    Str: 10    XL:     6   Next: 72%
Magic:  9/11       EV: 13    Int: 17    God:    Nemelex Xobeh [......]
Gold:   291        SH:  0    Dex: 12    Spells: 8/12 levels left

rFire    . . .     SeeInvis .   n - +1 dagger (elec)
rCold    . . .     Faith    .   (no shield)
rNeg     . . .     Spirit   .   (helmet currently unavailable)
rPois    .         Reflect  .   p - amulet of the acrobat
rElec    .         Harm     .   j - ring of resist corrosion
rCorr    +         Rampage  .   (no ring)
Will     .....                  (no ring)
Stlth    ++........             (no ring)
HPRegen  0.12/turn              (no ring)
MPRegen  0.12/turn              (no ring)
                                (no ring)
                                (no ring)

@: appendages
A: almost no armour, stealthy swim, amphibious, 8 rings, constrict 8, tentacle
spike 3, camouflage 1, gelatinous body 1
a: End Transformation, Renounce Religion, Draw Escape, Draw Destruction, Draw
Summoning


You were on level 5 of the Dungeon.
You worshipped Nemelex Xobeh.
Nemelex Xobeh was noncommittal.
One of your tentacles had a temporary spike.
You visited 2 branches of the dungeon, and saw 6 of its levels.

You collected 291 gold pieces.

Inventory:

Hand Weapons
 n - a +1 dagger of electrocution (weapon)
Missiles
 c - 5 atropa-tipped darts
Jewellery
 j - a ring of resist corrosion (left tentacle)
 p - an amulet of the acrobat (around mantle)
 q - an uncursed amulet of regeneration {unknown}
Scrolls
 a - 4 scrolls of identify
 b - 3 scrolls of random uselessness {unknown}
 e - a scroll of immolation {unknown}
 f - a scroll of enchant armour {unknown}
 i - 2 scrolls of teleportation {unknown}
 k - a scroll of remove curse {unknown}
 m - a scroll of magic mapping {unknown}
Potions
 d - 2 potions of curing
 g - a potion of lignification
 h - a potion of brilliance
 l - a potion of degeneration {unknown}
 o - a potion of attraction {unknown}


   Skills:
 - Level 1.0 Fighting
 - Level 2.0 Dodging
 - Level 3.0 Unarmed Combat
 + Level 3.6 Spellcasting
 * Level 5.3 Transmutations
 + Level 3.0 Poison Magic


You had 8 spell levels left.
You knew the following spells:

 Your Spells              Type           Power        Failure   Level
a - Beastly Appendage     Tmut           42%          1%          1
b - Spider Form           Tmut/Pois      8%           9%          3

Your spell library contained the following spells:

 Spells                   Type           Power        Failure   Level
 Wereblood                Tmut           21%          2%          2
 Animate Skeleton         Necr           6%           17%         1
 Apportation              Tloc           6%           17%         1
 Corona                   Hex            3%           17%         1
 Summon Small Mammal      Summ           12%          17%         1
 Blade Hands              Tmut           10%          45%         5
 Ice Form                 Ice/Tmut       12%          50%         4


Dungeon Overview and Level Annotations

Branches:
Dungeon (5/15)             Temple (1/1) D:4

Altars:
Fedhas
Gozag
Kikubaaqudgha
Makhleb
Nemelex Xobeh
Okawaru
Qazlal
Ru
Trog
Uskayaw
Vehumet
Wu Jian
Xom
Yredelemnul
Zin
The Shining One


Innate Abilities, Weirdness & Mutations

You cannot wear most types of armour.
You are very stealthy in the water. (Stealth+)
You are amphibious.
You can wear up to eight rings at the same time.
You can use your tentacles to constrict eight enemies at once.
Your skin changes colour to match your surroundings (Stealth+).
Your rubbery body absorbs attacks. (AC +1, EV +1)
One of your tentacles bears a large vicious spike.


Message History

Casting: Beastly Appendage (safe; 1% risk of failure)
Press: ? - help, Q - select action, (/) - cycle Dir - look around, f - activate One of your tentacles grows a vicious spike.
You constrict the gnoll. The gnoll hits you but does no damage.
You hit the gnoll. Lightning courses through the gnoll!
You kill the gnoll!
Your Poison Magic skill increases to level 3!
You hit the jackal. You grab the jackal.
You pierce the jackal.
You squeeze the jackal.
You kill the jackal!
The gnoll throws a throwing net.
The throwing net barely misses you. The gnoll barely misses you.
Your magical contamination has completely faded away.
Things that are here:
a jackal corpse; a jackal corpse You hit the gnoll.
You grab the gnoll.
You pierce the gnoll, but do no damage.
The gnoll is moderately wounded.
You constrict the gnoll. The gnoll hits you with a +0 club.
You die...
Your body disappears without a glow.

#. #..<.......## #.
#.#.......... #.
#.#........#
#####.###.#...!....#.
.....................
...#....#g.†..)....##
#.>.....g.....gh......
#...#....#######....##
#.....hh#g@...^.(..#
#..##.#.#.#####....#
#. ...#.)........ .#
##.##.#.......... # #
##...#####.#..
#........# #
##.###..... #.# .....
#<# ....


You could see a gnoll.

Vanquished Creatures
  A centaur (D:5)
  A scorpion (D:4)
  A howler monkey (D:4)
  A hound (D:5)
  An orc wizard (D:4)
  2 gnolls (D:5)
  2 adders
  An ooze (D:1)
  An adder zombie (D:5)
  2 dart slugs
  7 leopard geckos
  6 orcs
  A bat zombie (D:3)
  4 giant cockroaches
  9 goblins
  7 hobgoblins
  9 jackals
  4 kobolds
  2 quokkas
  10 bats
  7 frilled lizards
  A jackal skeleton (D:4)
  5 rats
  A rat zombie (D:3)
86 creatures vanquished.

Notes
Turn   | Place    | Note
-------+----------+-------------------------------------------
     0 | D:1      | nothank2 the Octopode Transmuter began the quest for the
                  | Orb.
     0 | D:1      | Reached XP level 1. HP: 13/13 MP: 3/3
   334 | D:1      | Reached XP level 2. HP: 11/18 MP: 3/5
   691 | D:1      | Reached skill level 3 in Transmutations
   691 | D:1      | Reached XP level 3. HP: 16/23 MP: 6/6
  1669 | D:2      | Reached XP level 4. HP: 28/28 MP: 6/8
  1673 | D:2      | Learned a level 3 spell: Spider Form
  2620 | D:3      | Reached skill level 1 in Poison Magic
  2762 | D:3      | Found an ancient bone altar of Kikubaaqudgha.
  3131 | D:3      | Reached skill level 4 in Transmutations
  3580 | D:4      | Reached XP level 5. HP: 11/33 MP: 7/9
  3965 | D:4      | Reached XP level 6. HP: 23/38 MP: 8/10
  4367 | D:4      | Found a staircase to the Ecumenical Temple.
  4386 | Temple   | Entered the Ecumenical Temple
  4462 | Temple   | Became a worshipper of Nemelex Xobeh the Trickster
  4668 | D:5      | Entered Level 5 of the Dungeon
  4781 | D:5      | Reached skill level 5 in Transmutations
  4806 | D:5      | Slain by a gnoll

Illustrated notes

Levels and vault maps discovered:
D:1:      sevenhm_arrival_forest_fort_large_2, layout_basic
D:2:      layout_rooms, minmay_cut_off
D:3:      layout_basic, lemuel_zombie_altar_kikubaaqudgha,
          minmay_misc_feat_rugged
D:4:      layout_basic, minmay_temple_entry_junction
D:5:      layout_basic, uniq_menkaure, uniq_edmund
Temple:   regret_index_temple_waves

Skill      XL: |  1  2  3  4  5  6 |
---------------+-------------------+-----
Transmutations | 3 4 5 |  5.3
Poison Magic   | 1 2 3 |  3.0
Spellcasting   | 3 |  3.6
Fighting       | |  1.0
Dodging        | |  2.0
Unarmed Combat | |  3.0

Action                   |  1- 3 |  4- 6 || total
-------------------------+-------+-------++-------
Melee: Unarmed           |    86 |    65 ||   151
       Kick              |    17 |    33 ||    50
       Constrict         |    27 |    34 ||    61
       Tentacles         |    11 |    14 ||    25
       Punch             |     1 |       ||     1
       Dagger            |       |    50 ||    50
Throw: Dart              |     2 |       ||     2
 Cast: Beastly Appendage |    19 |    32 ||    51
  Use: Scroll            |       |     3 ||     3
       Potion            |       |     1 ||     1
 Stab: Sleeping          |     3 |     6 ||     9
       Distracted        |       |     1 ||     1
Armor: Skin              |    10 |    11 ||    21
Dodge: Dodged            |    48 |    89 ||   137
